 Dungeon Crawl Stone Soup version 0.22.0-13-g43fe8f24b8 (webtiles) character file.

322 IceCat the Charmwright (level 6, -8/51 HPs)
             Began as a Gnoll Skald on Aug 17, 2018.
             Killed by divine providence
             ... invoked by an orc priest
              (15 damage)
             ... on level 3 of the Dungeon.
             The game lasted 00:05:57 (2581 turns).

IceCat the Charmwright (Gnoll Skald)                Turns: 2581, Time: 00:05:58

Health: -8/51      AC:  3    Str: 15    XL:     6   Next: 47%
Magic:  6/14       EV: 14    Int: 16    God:
Gold:   183        SH:  4    Dex: 14    Spells: 7/15 levels left

rFire    . . .     SeeInvis .     - Unarmed
rCold    . . .     Gourm    .   j - +0 buckler
rNeg     . . .     Faith    .   a - +0 leather armour
rPois    .         Spirit   .   (no helmet)
rElec    .         Reflect  .   (no cloak)
rCorr    .         Harm     .   (no gloves)
MR       .....                  (no boots)
Stlth    ++........             (no amulet)
HPRegen  0.17/turn              (no ring)
MPRegen  0.14/turn              (no ring)

@: very slightly contaminated
A: distributed training, fangs 1, strong nose
a: no special abilities


You were on level 3 of the Dungeon.
You were hungry.

You visited 1 branch of the dungeon, and saw 3 of its levels.

You collected 183 gold pieces.

Inventory:

Armour
 a - a +0 leather armour (worn)
 j - a +0 buckler (worn)
Jewellery
 k - an uncursed ring of wizardry {unknown}
Scrolls
 b - a scroll of immolation {unknown}
 e - 4 scrolls of remove curse {unknown}
 f - a scroll of fog {unknown}
 g - 2 scrolls of teleportation {unknown}
 i - a scroll of enchant armour {unknown}
Potions
 d - 2 potions of flight {unknown}
 h - a potion of magic {unknown}
 l - a potion of agility {unknown}
 m - a potion of curing {unknown}
Comestibles
 c - 6 rations


   Skills:
 + Level 5.0 Fighting
 + Level 1.9 Short Blades
 + Level 1.9 Long Blades
 + Level 1.9 Axes
 + Level 1.9 Maces & Flails
 + Level 1.9 Polearms
 + Level 1.9 Staves
 + Level 1.9 Slings
 + Level 1.9 Bows
 + Level 1.9 Crossbows
 + Level 1.9 Throwing
 + Level 3.2 Armour
 + Level 5.0 Dodging
 + Level 1.9 Stealth
 + Level 1.9 Shields
 + Level 5.0 Unarmed Combat
 + Level 5.3 Spellcasting
 + Level 1.5 Conjurations
 + Level 1.5 Hexes
 + Level 5.6 Charms
 + Level 1.5 Summonings
 + Level 1.5 Necromancy
 + Level 1.5 Translocations
 + Level 1.5 Transmutations
 + Level 1.5 Fire Magic
 + Level 1.5 Ice Magic
 + Level 1.5 Air Magic
 + Level 1.5 Earth Magic
 + Level 1.5 Poison Magic
 + Level 2.1 Invocations
 + Level 1.9 Evocations


You had 7 spell levels left.
You knew the following spells:

 Your Spells              Type           Power        Failure   Level  Hunger
a - Infusion              Chrm           ###.         2%          1    None
b - Song of Slaying       Chrm           ###.....     3%          2    #......
c - Shroud of Golubria    Chrm/Tloc      ###.......   9%          2    #......
d - Regeneration          Chrm/Necr      ###.......   16%         3    ###....

Your spell library contained the following spells:

 Spells                   Type           Power        Failure   Level  Hunger
 Spectral Weapon          Hex/Chrm       ###.....     16%         3    ###....


Dungeon Overview and Level Annotations

Branches:
Dungeon (3/15)

Altars:
Gozag


Innate Abilities, Weirdness & Mutations

Your experience applies equally to all skills.
You have very sharp teeth.
Your uncanny sense of smell can sniff out nearby items.


Message History

You kill the orc priest!
Your Fighting skill increases to level 5!
Your Dodging skill increases to level 5!
Your Unarmed Combat skill increases to level 5!
The orc priest barely misses you.
You barely miss the orc. The orc priest closely misses you.
The orc hits you with a club.
* * * LOW HITPOINT WARNING * * *
You barely miss the orc.
The orc priest hits you from afar with a trident.
* * * LOW HITPOINT WARNING * * *
Your shroud falls apart!
You block the orc's attack.
You hit the orc but do no damage. Your bite misses the orc.
The orc priest looks satisfied for a moment.
You block the orc's attack.
You closely miss the orc.
The orc priest mumbles some strange prayers to Beogh against you.
Beogh smites you!
You die...

#.#.#####.#.#.#
#.#.......#.#.. #
#.#######.#.########
#
#>.....##..........#
#
######.####.######.#
# #.# #......... #
#.# #.....##.# # #.#
##.#### # #@# #<#
###o# #.# #.ro# #.#
#.#........
#...####..# ..###
... ..# #.... ... ∆
....# ##..


You could see an orc priest, an orc and a rat.

Vanquished Creatures
  Sigmund (D:2)
  2 orc priests (D:3)
  2 adders
  2 oozes
  3 worms (D:3)
  A dart slug (D:1)
  3 leopard geckos
  4 orcs (D:3)
  3 giant cockroaches
  4 goblins (D:2)
  6 hobgoblins
  9 jackals
  6 kobolds
  A quokka (D:2)
  3 ball pythons (D:2)
  4 bats
  3 frilled lizards
  8 rats
  A fungus (D:2)
66 creatures vanquished.

Notes
Turn   | Place    | Note
-------+----------+-------------------------------------------
     0 | D:1      | IceCat the Gnoll Skald began the quest for the Orb.
     0 | D:1      | Reached XP level 1. HP: 20/20 MP: 6/6
   281 | D:1      | Reached XP level 2. HP: 12/26 MP: 7/7
   814 | D:1      | Reached XP level 3. HP: 27/31 MP: 9/9
  1068 | D:2      | Reached skill level 5 in Spellcasting
  1150 | D:2      | Reached skill level 1 in Invocations
  1315 | D:2      | Noticed Sigmund
  1320 | D:2      | Learned a level 2 spell: Song of Slaying
  1323 | D:2      | Learned a level 2 spell: Shroud of Golubria
  1327 | D:2      | Learned a level 3 spell: Regeneration
  1437 | D:2      | Killed Sigmund
  1437 | D:2      | Reached skill level 1 in Short Blades
  1437 | D:2      | Reached skill level 1 in Long Blades
  1437 | D:2      | Reached skill level 1 in Axes
  1437 | D:2      | Reached skill level 1 in Maces & Flails
  1437 | D:2      | Reached skill level 1 in Polearms
  1437 | D:2      | Reached skill level 1 in Staves
  1437 | D:2      | Reached skill level 1 in Slings
  1437 | D:2      | Reached skill level 1 in Bows
  1437 | D:2      | Reached skill level 1 in Crossbows
  1437 | D:2      | Reached skill level 1 in Throwing
  1437 | D:2      | Reached skill level 1 in Stealth
  1437 | D:2      | Reached skill level 1 in Shields
  1437 | D:2      | Reached skill level 1 in Conjurations
  1437 | D:2      | Reached skill level 1 in Hexes
  1437 | D:2      | Reached skill level 1 in Summonings
  1437 | D:2      | Reached skill level 1 in Necromancy
  1437 | D:2      | Reached skill level 1 in Translocations
  1437 | D:2      | Reached skill level 1 in Transmutations
  1437 | D:2      | Reached skill level 1 in Fire Magic
  1437 | D:2      | Reached skill level 1 in Ice Magic
  1437 | D:2      | Reached skill level 1 in Air Magic
  1437 | D:2      | Reached skill level 1 in Earth Magic
  1437 | D:2      | Reached skill level 1 in Poison Magic
  1437 | D:2      | Reached skill level 1 in Evocations
  1437 | D:2      | Reached XP level 4. HP: 25/38 MP: 0/11
  1437 | D:2      | Reached XP level 5. HP: 29/43 MP: 0/12
  1534 | D:2      | Found an opulent altar of Gozag.
  2093 | D:3      | Reached XP level 6. HP: 41/50 MP: 6/13
  2577 | D:3      | Reached skill level 5 in Fighting
  2577 | D:3      | Reached skill level 5 in Dodging
  2577 | D:3      | Reached skill level 5 in Unarmed Combat
  2581 | D:3      | Killed from afar by an orc priest

Skill      XL: |  1  2  3  4  5  6 |
---------------+-------------------+-----
Spellcasting   | 5 |  5.3
Invocations    | 1 2 |  2.1
Short Blades   | 1 |  1.9
Long Blades    | 1 |  1.9
Axes           | 1 |  1.9
Maces & Flails | 1 |  1.9
Polearms       | 1 |  1.9
Staves         | 1 |  1.9
Slings         | 1 |  1.9
Bows           | 1 |  1.9
Crossbows      | 1 |  1.9
Throwing       | 1 |  1.9
Armour         | 3 |  3.2
Stealth        | 1 |  1.9
Shields        | 1 |  1.9
Conjurations   | 1 |  1.5
Hexes          | 1 |  1.5
Summonings     | 1 |  1.5
Necromancy     | 1 |  1.5
Translocations | 1 |  1.5
Transmutations | 1 |  1.5
Fire Magic     | 1 |  1.5
Ice Magic      | 1 |  1.5
Air Magic      | 1 |  1.5
Earth Magic    | 1 |  1.5
Poison Magic   | 1 |  1.5
Evocations     | 1 |  1.9
Fighting       | 5 |  5.0
Dodging        | 5 |  5.0
Unarmed Combat | 5 |  5.0
Charms         | |  5.6

Action                   |  1- 3 |  4- 6 || total
-------------------------+-------+-------++-------
Melee: Unarmed           |   130 |   103 ||   233
       Bite              |    12 |     9 ||    21
 Cast: Shroud of Golubri |     1 |     5 ||     6
       Infusion          |     1 |     1 ||     2
       Regeneration      |     1 |     1 ||     2
 Stab: Sleeping          |     3 |     2 ||     5
  Eat: Chunk             |     2 |     3 ||     5
Armor: Leather armour    |    25 |    17 ||    42
Dodge: Dodged            |    82 |    58 ||   140
Block: Buckler           |    10 |    22 ||    32
